Map: Troizinia LE

Players

Osirisnine

  • Race: Zerg Zerg
  • Spawn Location: 11:00

Dune

  • Race: Zerg Zerg
  • Spawn Location: 11:00

JaySlays

  • Race: Zerg Zerg
  • Spawn Location: 9:00

Wolf

  • Race: Protoss Protoss
  • League: Diamond
  • Spawn Location: 12:00

captainfail

  • Race: Zerg Zerg
  • League: Master
  • Spawn Location: 5:00

Edennil

  • Race: Zerg Zerg
  • League: Diamond
  • Spawn Location: 6:00

beardie

  • Race: Zerg Zerg
  • League: Master
  • Spawn Location: 3:00

JadedShard

  • Race: Terran Terran
  • League: Diamond
  • Spawn Location: 5:00

VOD

Have the link to the VOD?

Description

Time

  • Played on: April 3, 2018, 10:14 p.m.
  • Length: 16:30
Show
View Real Time Build Order
Export as new Build Order

Osirisnine Zerg 

Build Orders: Pool First 

Get SALT Encoding   

  12  0:03  Drone  
  13  0:09  Drone  
  14  0:20  Overlord  
  14  0:25  Extractor  
  14  0:26  Drone  
  15  0:40  Spawning Pool  
  15  0:41  Drone  
  15  0:48  Extractor  
  15  0:49  Drone  
  15  0:51  Drone  
  16  0:58  Drone  
  17  1:09  Drone  
  18  1:19  Drone  
  19  1:29  Queen  
  19  1:32  Drone  
  22  1:47  Hatchery  
  22  1:48  Zergling x2  
  22  1:53  Metabolic Boost  
  22  1:58  Overlord  
  22  2:16  Zergling x4  
  24  2:24  Zergling x2  
  25  2:43  Zergling x2  
  26  2:59  Zergling x4  
  26  3:00  Zergling x4  
  30  3:10  Zergling x2  
  31  3:18  Zergling x2  
  31  3:45  Zergling x4  
  33  3:50  Drone  
  31  4:29  Zergling x2  
  31  4:30  Zergling x4  
  26  4:43  Drone  
  26  4:53  Drone x4  
  30  5:06  Drone x2  
  29  5:23  Spine Crawler  
  29  5:26  Spine Crawler  
  28  5:28  Drone, Spine Crawler  
  28  5:29  Drone x3  
  28  5:30  Spine Crawler  
  28  5:32  Spine Crawler  
  28  5:34  Extractor  
  27  5:36  Extractor  
  27  5:37  Lair  
  27  5:41  Extractor, Drone x2  
  27  5:51  Drone x2  
  27  5:56  Drone  
  30  6:02  Drone  
  31  6:08  Drone x3  
  34  6:20  Drone x2  
  36  6:28  Overlord  
  36  6:39  Overlord x3  
  36  6:45  Queen  
  38  6:58  Hatchery  
  38  7:01  Spire  
  36  7:06  Spore Crawler x2  
  34  7:09  Spore Crawler  
  33  7:19  Overlord  
  33  7:20  Overlord  
  33  7:22  Burrow  
  33  7:41  Drone x11  
  44  7:45  Overlord  
  44  7:54  Overseer  
  44  8:01  Overseer  
  44  8:14  Corruptor  
  44  8:15  Corruptor x6  
  44  8:17  Corruptor  
  60  8:32  Queen  
  62  8:58  Corruptor x5  
  62  8:59  Corruptor x2  
  76  9:08  Queen  
  78  9:49  Infestation Pit  
  77  10:00  Corruptor  
  77  10:01  Corruptor x3  
  85  10:10  Drone  
  85  10:11  Drone x11  
  97  10:43  Pneumatized Carapace  
  65  12:02  Corruptor x9  
  83  12:12  Drone  
  83  12:13  Drone x3  
  87  12:37  Hydralisk Den  
  86  13:17  Extractor, Hatchery  
  84  13:21  Extractor  
  83  13:45  Hydralisk x4  
  91  14:01  Lurker Den  
  90  14:48  Hive  
  90  15:22  Drone  
  90  15:23  Drone x7  
  90  15:26  Overlord x4  
  90  15:27  Overlord  
  98  15:39  Hydralisk x3  
  98  15:40  Hydralisk  
  120  16:12  Lurker x4  
Show
View Real Time Build Order
Export as new Build Order

Dune Zerg 

Build Orders: Hatch First 

Get SALT Encoding   

  12  0:01  Drone  
  13  0:08  Drone  
  14  0:20  Extractor, Drone  
  14  0:24  Overlord  
  15  0:49  Hatchery  
  14  0:53  Drone  
  14  0:54  Drone  
  16  0:57  Drone  
  17  1:13  Spawning Pool  
  17  1:17  Drone  
  17  1:20  Drone  
  17  1:24  Extractor  
  17  1:28  Extractor  
  17  1:29  Drone  
  17  1:36  Drone  
  18  1:47  Drone  
  19  1:58  Drone  
  19  2:00  Queen  
  22  2:01  Queen  
  22  2:05  Drone  
  25  2:13  Metabolic Boost  
  25  2:17  Drone  
  25  2:22  Drone  
  27  2:28  Overlord  
  27  2:42  Overlord  
  27  2:46  Zergling x2  
  27  2:51  Zergling x6  
  31  2:57  Baneling Nest  
  30  3:02  Zergling x4  
  32  3:06  Zergling x2  
  32  3:12  Zergling x4  
  35  3:18  Zergling x2  
  35  3:19  Zergling x2  
  37  3:22  Zergling x2  
  37  3:25  Zergling x2  
  39  3:29  Zergling x2  
  40  3:42  Zergling x4  
  40  3:43  Zergling x4  
  44  3:52  Overlord  
  44  3:56  Overlord  
  38  4:40  Zergling x12  
  39  5:02  Zergling x8  
  42  5:07  Lair  
  42  5:20  Drone x2  
  42  5:21  Drone  
  45  5:33  Drone  
  45  5:34  Drone  
  47  5:42  Extractor  
  46  5:43  Extractor  
  40  6:08  Drone x3  
  40  6:09  Drone x5  
  40  6:33  Hydralisk Den  
  40  6:36  Evolution Chamber  
  40  6:37  Drone x5  
  41  6:58  Zergling x14  
  48  7:17  Muscular Augments  
  48  7:18  Zerg Missile Weapons Level 1  
  48  7:19  Hydralisk x4  
  48  7:20  Hydralisk  
  48  7:22  Overlord x2  
  58  7:39  Drone  
  59  7:45  Hatchery  
  59  7:46  Drone x7, Evolution Chamber  
  66  8:08  Overlord  
  66  8:09  Overlord x3  
  64  8:14  Zerg Ground Armor Level 1  
  64  8:19  Hydralisk x2  
  64  8:20  Hydralisk x2  
  72  8:29  Grooved Spines  
  72  8:36  Hydralisk x4  
  77  9:10  Hydralisk  
  77  9:11  Hydralisk x6  
  77  9:12  Hydralisk x4  
  95  9:30  Drone x2  
  95  9:31  Drone x4  
  90  10:03  Hydralisk  
  90  10:04  Hydralisk x7  
  90  10:05  Hydralisk  
  108  10:07  Zerg Missile Weapons Level 2  
  98  10:31  Drone x5  
  98  10:32  Drone  
  104  10:35  Queen  
  104  10:39  Zerg Ground Armor Level 2  
  106  10:43  Overlord x3  
  106  10:53  Hydralisk x3  
  112  11:12  Hydralisk x5  
  112  11:13  Hydralisk x5  
  130  11:27  Queen  
  124  11:48  Hydralisk x7  
  138  12:05  Extractor  
  138  12:06  Extractor  
  106  12:34  Hydralisk x7  
  106  12:35  Hydralisk x6  
  130  12:39  Drone  
  130  12:40  Drone x2  
  133  12:57  Hydralisk x2  
  137  13:03  Hatchery  
  136  13:09  Infestation Pit  
  136  13:12  Hydralisk  
  137  13:13  Overlord  
  137  13:14  Overlord x5  
  133  13:48  Hydralisk x4  
  133  13:49  Hydralisk x7  
  133  13:50  Hydralisk x2  
  159  13:56  Hive  
  157  14:43  Hydralisk x2  
  157  14:44  Hydralisk x7  
  157  14:45  Hydralisk x3  
  105  15:07  Hydralisk x5  
  105  15:08  Hydralisk x3  
  105  15:09  Overseer  
  121  15:24  Hydralisk  
  121  15:25  Hydralisk x2  
  121  15:38  Hydralisk x4  
  121  15:39  Hydralisk x2  
  131  15:49  Hydralisk  
  131  15:50  Hydralisk x2  
Show
View Real Time Build Order
Export as new Build Order

JaySlays Zerg 

Build Orders: Pool First 

Get SALT Encoding   

  12  0:02  Drone  
  13  0:12  Overlord  
  13  0:23  Drone  
  14  0:31  Drone  
  15  0:45  Extractor  
  15  0:46  Spawning Pool  
  15  0:49  Drone x2  
  15  1:01  Drone x2  
  17  1:13  Drone  
  18  1:23  Drone  
  19  1:34  Queen  
  19  1:37  Zergling x2  
  22  1:52  Zergling x2, Hatchery  
  22  1:56  Overlord  
  22  2:08  Metabolic Boost  
  22  2:30  Roach Warren  
  22  2:31  Zergling x4  
  22  2:32  Zergling x2  
  23  3:18  Overlord  
  23  3:19  Overlord  
  23  3:32  Lair  
  23  3:43  Queen  
  23  3:47  Drone x2  
  23  3:48  Drone x4  
  31  4:00  Drone x4  
  35  4:15  Zergling x2  
  35  4:16  Overlord  
  35  4:17  Overlord  
  36  4:37  Zergling x6  
  36  4:38  Zergling x4  
  37  4:45  Drone  
  38  4:51  Roach x3  
  38  4:52  Roach  
  46  5:06  Drone x3  
  46  5:07  Drone  
  50  5:13  Extractor, Glial Reconstitution  
  49  5:27  Evolution Chamber, Roach  
  50  5:30  Evolution Chamber, Overlord x3  
  49  5:49  Roach x3  
  57  5:50  Roach x2  
  57  5:54  Zerg Missile Weapons Level 1  
  59  6:08  Zerg Ground Armor Level 1  
  59  6:12  Extractor  
  59  6:14  Extractor, Drone  
  59  6:15  Drone x6  
  59  6:16  Drone x4  
  68  6:32  Roach x2  
  72  6:45  Hydralisk Den  
  71  6:50  Roach x2  
  71  6:52  Zergling x2  
  71  6:54  Overlord x4  
  76  7:11  Queen  
  77  7:25  Hydralisk  
  77  7:26  Hydralisk x3  
  85  7:40  Grooved Spines  
  85  7:46  Drone x5  
  85  7:48  Zergling x8  
  85  7:49  Zergling x2  
  95  7:55  Zerg Missile Weapons Level 2  
  85  8:34  Hatchery  
  85  8:37  Roach x11  
  85  8:38  Zergling x4  
  85  8:41  Overlord x2  
  108  8:59  Hydralisk x3, Queen  
  116  9:12  Hydralisk  
  116  9:13  Hydralisk x2  
  97  9:51  Hydralisk x6, Roach  
  69  10:14  Roach  
  69  10:15  Roach x7  
  69  10:18  Zerg Ground Armor Level 2  
  85  10:27  Zergling x2  
  85  10:28  Zergling x4  
  88  10:51  Hydralisk  
  88  10:52  Hydralisk x9  
  106  11:03  Hydralisk  
  106  11:04  Hydralisk x4  
  107  11:09  Drone  
  107  11:10  Drone x6  
  120  11:38  Hydralisk x2  
  120  11:39  Hydralisk x3  
  112  11:47  Infestation Pit  
  92  11:59  Hydralisk x2  
  92  12:00  Hydralisk  
  92  12:20  Hydralisk x4  
  100  12:31  Hydralisk x2  
  102  12:40  Hive  
  102  12:42  Hydralisk  
  102  12:43  Hydralisk  
  106  12:59  Hydralisk x4  
  114  13:30  Hatchery  
  30  13:45  Hydralisk  
  30  13:46  Hydralisk x6  
  36  13:56  Zergling x2  
  37  14:04  Pneumatized Carapace  
  37  14:16  Hydralisk  
  39  14:17  Hydralisk x2  
  42  15:00  Hydralisk x2  
  42  15:05  Hatchery  
  45  15:12  Overseer  
  46  16:02  Hydralisk x3  
Show
View Real Time Build Order
Export as new Build Order

Wolf Protoss 

Build Orders: 1 Gate Expand, Double Forge, Zealot Archon 

Get SALT Encoding   

  12  0:02  Probe  
  13  0:14  Probe  
  13  0:20  Pylon  
  14  0:27  Probe  
  15  0:39  Gateway  
  15  0:44  Probe (Chrono Boost)  
  15  0:48  Assimilator  
  16  0:52  Probe (Chrono Boost)  
  17  0:58  Probe  
  18  1:10  Probe  
  19  1:22  Probe  
  20  1:32  Nexus  
  20  1:42  Pylon  
  20  1:48  Cybernetics Core  
  20  1:50  Probe  
  21  2:02  Assimilator  
  21  2:03  Probe (Chrono Boost)  
  22  2:12  Probe (Chrono Boost)  
  23  2:17  Probe (Chrono Boost)  
  24  2:23  Gateway  
  24  2:25  Warp Gate  
  24  2:29  Probe  
  25  2:34  Stalker  
  27  2:41  Probe (Chrono Boost)  
  28  2:48  Probe (Chrono Boost)  
  30  2:53  Probe (Chrono Boost)  
  30  2:57  Probe (Chrono Boost)  
  31  2:59  Probe (Chrono Boost)  
  32  3:09  Probe  
  32  3:11  Probe  
  32  3:12  Robotics Facility  
  34  3:14  Twilight Council  
  34  3:26  Adept x2  
  38  3:41  Probe x2  
  40  3:52  Charge  
  40  3:53  Probe x2  
  42  3:59  Gateway  
  42  4:02  Gateway  
  42  4:05  Probe x2  
  42  4:06  Pylon  
  42  4:08  Pylon  
  44  4:18  Probe x2  
  46  4:24  Observer  
  46  4:30  Probe x2  
  49  4:32  Assimilator  
  49  4:33  Pylon  
  49  4:34  Pylon  
  49  4:36  Templar Archives  
  49  4:39  Assimilator  
  49  4:40  Sentry, Zealot  
  53  4:49  Probe x2  
  53  4:51  Forge x2  
  55  5:01  Probe x2  
  55  5:07  Immortal (Chrono Boost)  
  57  5:13  Zealot  
  63  5:32  Nexus  
  63  5:34  High Templar x2  
  63  5:35  Zealot  
  69  5:39  Pylon, Immortal  
  69  5:42  Archon  
  73  5:43  Protoss Ground Weapons Level 1 (Chrono Boost)  
  73  6:08  High Templar  
  73  6:09  Zealot  
  73  6:10  Zealot x2  
  81  6:18  Immortal  
  85  6:23  Assimilator  
  85  6:27  Psionic Storm, Protoss Ground Armor Level 1 (Chrono Boost)  
  85  6:28  Pylon  
  85  6:31  Pylon  
  83  6:33  Pylon  
  83  6:35  Pylon  
  83  6:40  Zealot  
  85  6:52  Zealot x3  
  91  6:57  Probe x3  
  91  6:59  Assimilator  
  71  7:09  Probe x2  
  71  7:18  Probe  
  71  7:21  Probe  
  71  7:22  Probe  
  74  7:30  Probe, Zealot x4  
  74  7:33  Probe (Chrono Boost)  
  74  7:34  Probe (Chrono Boost)  
  85  7:43  Probe (Chrono Boost)  
  86  7:46  Probe x2 (Chrono Boost)  
  86  7:49  Protoss Ground Weapons Level 2  
  88  7:54  Probe (Chrono Boost)  
  88  7:57  High Templar  
  88  7:58  High Templar  
  93  8:00  Zealot x2  
  93  8:04  Archon  
  97  8:08  Immortal  
  97  8:10  Probe  
  97  8:12  Probe  
  103  8:13  Probe  
  104  8:22  Probe  
  104  8:24  Probe  
  74  8:37  Zealot x3  
  76  8:47  Immortal  
  56  8:52  Zealot  
  46  9:10  Zealot  
  46  9:11  Zealot x2  
  40  9:31  Immortal (Chrono Boost)  
  39  9:38  High Templar  
  45  9:39  High Templar  
  41  10:02  Immortal (Chrono Boost)  
  41  10:03  Probe x2  
  47  10:15  Probe (Chrono Boost)  
  47  10:18  Robotics Facility  
  48  10:25  Probe (Chrono Boost)  
  48  10:27  Probe (Chrono Boost)  
  50  10:34  Immortal (Chrono Boost)  
  52  10:35  Probe (Chrono Boost)  
  52  10:36  Probe (Chrono Boost)  
  52  10:40  Probe (Chrono Boost)  
  52  10:41  Probe  
  58  10:52  Probe  
  58  10:53  Probe  
  60  11:00  Zealot x2  
  64  11:04  Probe  
  64  11:06  Immortal (Chrono Boost), Gateway  
  68  11:21  Immortal (Chrono Boost)  
  72  11:41  Protoss Ground Armor Level 2 (Chrono Boost), Protoss Ground Weapons Level 3 (Chrono Boost)  
  72  11:43  Immortal (Chrono Boost)  
  76  11:53  Immortal (Chrono Boost)  
  80  12:15  Immortal  
  84  12:38  Pylon  
  84  12:39  Pylon  
  84  12:42  Pylon  
  84  12:56  Immortal x2  
  92  13:00  Nexus  
  92  13:35  Immortal, Observer  
  97  13:56  Observer  
  97  13:58  Probe  
  97  13:59  Probe  
  100  14:06  Pylon  
  100  14:07  Pylon  
  100  14:08  Pylon  
  100  14:11  Probe x2  
  100  14:14  Immortal  
  106  14:23  Immortal (Chrono Boost)  
  74  14:51  Immortal (Chrono Boost)  
  74  14:59  Immortal (Chrono Boost)  
  78  15:23  Immortal  
  82  15:31  Immortal  
  86  15:37  Probe x3  
  89  15:46  High Templar x3  
  89  15:49  Probe  
  96  15:55  Probe x2  
  98  16:01  Probe  
  103  16:06  Pylon  
  103  16:07  Probe x2  
  109  16:18  Assimilator  
  109  16:20  High Templar x3  
Show
View Real Time Build Order
Export as new Build Order

captainfail Zerg 

Build Orders: Hatch First 

Get SALT Encoding   

  12  0:00  Drone  
  13  0:12  Overlord  
  13  0:17  Drone  
  14  0:30  Drone x2  
  16  0:36  Drone  
  17  0:52  Hatchery  
  17  0:56  Drone  
  17  0:59  Drone  
  18  1:12  Spawning Pool  
  18  1:15  Drone  
  18  1:24  Drone  
  19  1:35  Drone  
  20  1:47  Hatchery  
  19  1:51  Drone x2  
  21  2:03  Queen  
  21  2:04  Overlord  
  23  2:09  Queen  
  25  2:15  Drone  
  25  2:16  Drone  
  25  2:19  Drone  
  28  2:23  Drone  
  28  2:28  Drone  
  30  2:32  Drone  
  31  2:39  Drone  
  32  2:44  Overlord  
  32  2:56  Drone x2  
  34  3:00  Queen  
  34  3:01  Drone x2  
  34  3:03  Extractor  
  37  3:06  Drone  
  38  3:16  Extractor x2, Roach Warren  
  38  3:17  Drone x2, Extractor  
  38  3:18  Drone x3  
  39  3:22  Drone x2  
  41  3:29  Drone x4  
  45  3:41  Overlord  
  45  3:43  Overlord x2  
  45  3:44  Overlord  
  45  3:52  Overlord  
  45  4:00  Roach  
  45  4:01  Roach  
  45  4:02  Roach x3  
  55  4:04  Roach  
  55  4:06  Drone  
  58  4:13  Roach x2  
  58  4:15  Roach  
  64  4:18  Roach  
  66  4:34  Roach x6  
  76  4:47  Drone x6  
  82  4:58  Overlord x3  
  82  5:01  Lair  
  82  5:24  Zergling x2  
  82  5:25  Zergling x4  
  85  5:32  Overlord x3  
  85  5:33  Drone x10  
  95  5:43  Drone x2  
  95  5:45  Drone  
  98  6:02  Roach x3  
  98  6:03  Roach  
  106  6:08  Overlord  
  106  6:09  Roach x4  
  106  6:10  Glial Reconstitution, Roach  
  106  6:11  Hatchery  
  114  6:13  Infestation Pit  
  114  6:16  Overlord  
  113  6:20  Drone x5  
  113  6:25  Drone x2  
  120  6:30  Drone x2  
  122  6:49  Extractor  
  122  6:50  Extractor  
  122  6:52  Overlord x4  
  122  6:53  Drone x8  
  128  7:00  Roach  
  130  7:03  Hive  
  130  7:06  Ravager x4  
  130  7:07  Ravager x4  
  137  7:13  Overlord, Roach  
  137  7:14  Roach x8  
  157  7:15  Roach  
  157  7:21  Overseer  
  157  7:22  Overlord  
  157  7:23  Pneumatized Carapace  
  157  7:25  Queen  
  159  7:36  Roach x2  
  159  7:37  Roach x6  
  175  7:44  Overlord  
  175  7:45  Extractor  
  175  7:46  Zergling x2  
  175  7:55  Queen  
  177  8:14  Evolution Chamber  
  177  8:16  Drone x4  
  177  8:17  Drone x6, Evolution Chamber  
  177  8:18  Drone x4  
  189  8:22  Drone x2, Extractor, Overlord  
  184  8:31  Queen  
  175  8:44  Roach  
  175  8:45  Roach x13  
  193  8:59  Roach x7  
  197  9:11  Overlord  
  185  9:26  Ultralisk Cavern, Zerg Ground Armor Level 1, Zerg Melee Weapons Level 1  
  185  9:27  Drone  
  185  9:28  Drone x12  
  181  9:40  Hatchery  
  170  9:47  Drone x5  
  151  10:15  Spore Crawler  
  151  10:16  Spore Crawler x3  
  151  10:19  Spore Crawler x3  
  142  10:23  Chitinous Plating  
  142  10:27  Spore Crawler x2  
  140  10:28  Spore Crawler  
  140  10:35  Drone, Overlord  
  139  10:36  Drone x19  
  159  10:48  Spore Crawler  
  159  10:49  Spore Crawler x2  
  156  10:50  Spore Crawler  
  156  10:56  Hatchery  
  152  11:04  Ultralisk x8, Hatchery  
  175  11:26  Zerg Ground Armor Level 2, Zerg Melee Weapons Level 2  
  173  11:35  Extractor  
  173  11:36  Extractor  
  163  11:44  Ultralisk  
  163  11:45  Ultralisk x4  
  179  11:51  Queen  
  181  12:20  Queen  
  181  12:21  Drone  
  181  12:22  Drone x15  
  199  12:23  Drone  
  200  12:30  Extractor  
  200  12:33  Extractor  
  198  12:50  Extractor  
  197  12:52  Extractor  
  192  13:36  Spore Crawler x2  
  192  13:38  Spore Crawler  
  148  14:30  Hatchery  
  147  14:47  Overseer x2  
  147  14:48  Spore Crawler  
  133  15:19  Ultralisk x13  
  133  15:20  Ultralisk  
  199  15:24  Spore Crawler  
  199  15:26  Spore Crawler  
  199  15:28  Spore Crawler  
  193  15:31  Ultralisk  
  193  15:32  Spore Crawler  
  193  15:35  Spore Crawler x2  
  194  15:36  Spore Crawler  
  194  15:37  Spore Crawler  
  194  15:40  Spore Crawler  
  194  15:42  Spore Crawler  
  184  15:46  Spore Crawler, Ultralisk x3  
  184  15:47  Spore Crawler x3  
  184  15:48  Ultralisk  
  200  15:51  Spore Crawler  
  200  15:52  Spore Crawler  
  196  15:59  Spore Crawler  
  196  16:00  Spore Crawler  
  200  16:05  Spore Crawler  
  200  16:10  Spore Crawler  
Show
View Real Time Build Order
Export as new Build Order

Edennil Zerg 

Build Orders: Hatch First 

Get SALT Encoding   

  12  0:02  Drone  
  13  0:18  Overlord  
  13  0:21  Drone  
  14  0:37  Drone x2  
  14  0:42  Drone  
  17  0:59  Hatchery  
  17  1:01  Drone  
  17  1:03  Drone  
  18  1:16  Extractor  
  18  1:18  Spawning Pool  
  16  1:19  Drone  
  16  1:23  Drone  
  18  1:36  Drone  
  19  1:44  Overlord  
  19  2:06  Queen  
  21  2:11  Queen  
  21  2:13  Drone x3  
  26  2:17  Drone  
  27  2:27  Metabolic Boost  
  27  2:29  Drone x2  
  29  2:38  Drone x2  
  31  2:45  Drone  
  31  2:48  Hatchery  
  31  3:00  Drone x3  
  34  3:15  Zergling x4  
  34  3:16  Overlord x4  
  36  3:34  Zergling x8  
  36  3:39  Baneling Nest  
  31  3:45  Zergling x4  
  29  3:51  Zergling x4  
  29  3:57  Zergling x2  
  29  4:02  Queen  
  32  4:10  Zergling x10  
  36  4:19  Drone  
  37  4:25  Baneling x3  
  30  4:47  Drone  
  30  4:48  Drone x5  
  36  5:03  Hatchery  
  35  5:24  Drone x11  
  46  5:32  Lair  
  45  5:48  Evolution Chamber  
  44  5:53  Zergling x14  
  44  5:54  Zergling x6  
  54  6:09  Overlord x3  
  54  6:19  Zerg Melee Weapons Level 1  
  54  6:27  Zergling x10  
  59  6:33  Hatchery  
  58  6:44  Centrifical Hooks  
  58  6:46  Drone  
  58  6:47  Drone x6  
  64  6:59  Zergling x12  
  58  7:21  Baneling  
  58  7:22  Baneling x4  
  58  7:28  Drone x9  
  67  7:33  Drone  
  67  7:34  Drone  
  69  7:43  Queen, Hatchery  
  70  7:51  Drone x8  
  78  8:03  Extractor x2  
  76  8:09  Drone x6  
  82  8:13  Zerg Ground Armor Level 1  
  82  8:17  Queen, Hatchery  
  83  8:21  Drone x6  
  83  8:22  Drone x4  
  83  8:32  Evolution Chamber  
  82  8:34  Drone x5  
  87  8:44  Overlord x3  
  87  8:53  Infestation Pit  
  87  8:54  Zergling x16  
  94  9:01  Drone x4  
  94  9:02  Drone x3  
  101  9:08  Extractor  
  100  9:11  Overlord x2  
  100  9:12  Overlord x3  
  100  9:19  Zergling x14  
  107  9:29  Extractor x2  
  104  9:31  Hive  
  104  9:34  Drone x7  
  104  9:35  Drone x4  
  115  9:43  Drone x3  
  118  9:47  Zergling x22  
  118  9:52  Baneling  
  129  9:53  Baneling x9  
  129  10:02  Zerg Melee Weapons Level 2  
  128  10:19  Pneumatized Carapace  
  124  10:24  Zergling x28  
  124  10:25  Zergling x20  
  127  10:30  Overseer x2  
  127  10:44  Hatchery  
  126  10:50  Zergling x6  
  126  10:51  Zergling x20  
  128  11:21  Hatchery  
  128  11:27  Hatchery  
  128  11:32  Overlord  
  119  11:33  Overlord x11  
  119  11:34  Adrenal Glands  
  119  11:35  Zerg Ground Armor Level 2  
  114  11:43  Zergling x14  
  114  11:47  Overlord x4  
  107  11:59  Zergling x8  
  107  12:00  Zergling x10, Hatchery  
  115  12:09  Queen  
  115  12:14  Zergling x10  
  122  12:17  Baneling  
  122  12:18  Baneling x13  
  122  12:21  Zerg Melee Weapons Level 3  
  122  12:28  Zergling x20  
  132  12:31  Baneling  
  132  12:32  Baneling x13  
  132  12:33  Baneling x10  
  132  12:40  Hatchery  
  133  12:45  Zergling x20  
  143  12:58  Zergling x18  
  140  13:02  Baneling  
  140  13:03  Baneling x11  
  129  13:07  Baneling x14  
  127  13:13  Queen  
  129  13:23  Zergling x6  
  129  13:24  Zergling x34  
  145  13:33  Zergling x6  
  145  13:34  Zergling x2  
  133  13:39  Hatchery  
  133  13:40  Zergling x14  
  122  13:49  Zergling x12  
  122  13:50  Zergling x12  
  122  13:52  Baneling x6  
  122  13:53  Baneling x16  
  122  13:54  Baneling  
  133  14:02  Baneling  
  133  14:03  Baneling x15  
  133  14:12  Zergling x16  
  133  14:16  Baneling  
  141  14:17  Baneling  
  141  14:18  Baneling x9  
  141  14:19  Baneling  
  93  14:42  Zergling x12  
  93  14:43  Zergling x30  
  102  15:07  Baneling  
  102  15:08  Baneling x22  
  102  15:09  Baneling x16  
  102  15:10  Baneling  
  102  15:12  Zergling x12  
  108  15:20  Zergling x12  
  108  15:21  Zergling x2  
  115  15:41  Zergling x32  
  131  15:43  Baneling  
  131  15:44  Baneling  
  131  15:45  Baneling x2  
  131  15:46  Baneling  
  131  15:47  Baneling  
  131  16:04  Zergling x14  
  131  16:05  Zergling x2  
Show
View Real Time Build Order
Export as new Build Order

beardie Zerg 

Build Orders: Hatch First 

Get SALT Encoding   

  12  0:00  Drone  
  13  0:12  Overlord  
  13  0:17  Drone  
  14  0:32  Drone x2  
  16  0:36  Drone  
  17  0:53  Hatchery  
  17  0:55  Drone  
  17  0:59  Extractor  
  17  1:02  Drone  
  17  1:15  Spawning Pool  
  17  1:18  Drone  
  17  1:32  Drone x2  
  19  1:42  Overlord  
  19  1:55  Drone  
  20  2:04  Lair  
  20  2:05  Queen  
  20  2:06  Drone  
  20  2:07  Drone  
  24  2:11  Drone  
  25  2:16  Drone  
  26  2:23  Drone  
  26  2:28  Drone  
  28  2:33  Drone  
  29  2:39  Drone  
  29  2:43  Queen  
  32  2:48  Drone x2  
  34  2:59  Overlord  
  34  3:03  Hatchery  
  33  3:08  Spine Crawler  
  32  3:13  Infestation Pit  
  32  3:19  Burrow  
  31  3:23  Spine Crawler  
  31  3:25  Drone x2  
  31  3:26  Spine Crawler  
  31  3:35  Spine Crawler  
  31  3:36  Drone x2  
  31  3:37  Drone  
  33  3:47  Drone x4  
  37  3:52  Overlord  
  37  3:57  Overlord  
  37  4:06  Extractor  
  37  4:08  Extractor  
  37  4:09  Extractor, Overlord x2  
  34  4:10  Drone  
  34  4:11  Drone  
  36  4:18  Drone x3  
  36  4:19  Drone  
  40  4:25  Pathogen Glands  
  40  4:41  Queen  
  40  4:42  Queen  
  40  4:43  Overlord  
  42  5:01  Infestor x2  
  46  5:09  Drone, Extractor  
  46  5:13  Infestor  
  48  5:25  Overlord  
  48  5:32  Infestor  
  48  5:33  Spine Crawler  
  48  5:34  Drone x3  
  48  5:35  Drone x3  
  52  6:04  Hatchery  
  51  6:05  Infestor x2  
  55  6:15  Infestor  
  57  6:28  Infestor  
  57  6:31  Drone x3  
  57  6:32  Drone x4  
  66  6:36  Drone x3  
  69  6:44  Queen  
  71  6:55  Infestor x2  
  75  7:01  Neural Parasite  
  75  7:15  Infestor  
  75  7:16  Drone  
  75  7:17  Drone, Queen  
  75  7:18  Extractor  
  75  7:22  Spine Crawler  
  79  7:35  Infestor  
  81  7:44  Drone x5  
  82  7:45  Drone x4  
  90  7:58  Overlord x2  
  90  8:06  Spine Crawler  
  90  8:08  Spine Crawler  
  88  8:13  Infestor x11  
  88  8:18  Overlord  
  88  8:19  Evolution Chamber, Infestor x5  
  97  8:20  Evolution Chamber  
  96  8:45  Infestor x4  
  96  8:46  Infestor x12  
  94  8:56  Infestor x4  
  102  9:03  Queen  
  102  9:07  Infestor  
  102  9:09  Overlord x6  
  104  9:28  Infestor  
  104  9:29  Infestor  
  108  9:48  Infestor  
  108  9:49  Infestor x2  
  114  10:15  Infestor  
  114  10:16  Infestor x2  
  120  10:44  Spine Crawler  
  120  10:45  Spine Crawler  
  120  10:46  Infestor x21  
  120  10:47  Infestor x7  
  120  10:48  Infestor x3  
  124  10:54  Infestor  
  126  11:09  Infestor  
  126  11:42  Infestor x5  
  136  12:02  Zerg Ground Armor Level 1, Zerg Missile Weapons Level 1  
  136  12:08  Spore Crawler  
  135  12:11  Spore Crawler  
  135  12:12  Spore Crawler  
  135  12:13  Spore Crawler  
  135  12:14  Infestor x2  
  136  12:21  Spine Crawler  
  135  12:22  Spine Crawler  
  135  12:23  Spore Crawler  
  135  12:24  Spore Crawler, Spine Crawler  
  135  12:25  Spine Crawler  
  135  12:27  Spore Crawler x3  
  127  12:34  Infestor x2  
  131  12:41  Infestor  
  133  13:02  Infestor x2  
  137  13:09  Infestor  
  137  13:45  Infestor x4  
  145  13:55  Infestor  
  147  14:15  Infestor x2  
  151  14:37  Overlord  
  151  14:38  Overlord  
  151  15:25  Infestor x4  
  151  15:26  Infestor  
  161  15:41  Infestor  
  163  15:47  Infestor  
Show
View Real Time Build Order
Export as new Build Order

JadedShard Terran 

Build Orders: Reaper Expand, Mech 

Get SALT Encoding   

  12  0:01  SCV  
  13  0:14  SCV  
  14  0:17  Supply Depot  
  14  0:26  SCV  
  15  0:39  SCV  
  15  0:40  Barracks  
  16  0:45  Refinery  
  16  0:51  SCV  
  17  1:03  SCV  
  18  1:15  SCV  
  19  1:32  Orbital Command  
  19  1:34  Reaper  
  20  1:42  Command Center  
  20  1:58  Refinery  
  20  1:59  SCV  
  21  2:11  Supply Depot  
  21  2:16  SCV  
  21  2:21  Factory  
  22  2:28  SCV  
  23  2:40  SCV  
  24  2:56  SCV  
  24  2:57  Orbital Command  
  25  3:08  SCV  
  25  3:09  Barracks, Factory Tech Lab  
  26  3:16  Reaper  
  27  3:20  SCV  
  27  3:23  Bunker, SCV  
  29  3:29  Barracks  
  29  3:30  Supply Depot  
  29  3:32  SCV  
  30  3:35  SCV  
  34  3:42  Hellion  
  34  3:48  Reaper  
  34  4:04  Barracks Reactor  
  34  4:06  Factory, SCV x2  
  34  4:09  Barracks  
  34  4:18  SCV  
  34  4:20  Hellion, Reaper  
  34  4:21  Reaper  
  23  4:40  SCV x2  
  23  4:43  Siege Tank  
  23  4:44  Marine x2  
  30  4:52  Reaper  
  31  5:15  Siege Tank  
  34  5:24  Reaper, Factory Tech Lab  
  35  5:40  Supply Depot  
  35  5:47  Siege Tank, SCV  
  35  5:48  SCV  
  40  5:50  Siege Tank  
  40  5:56  Marine  
  44  6:00  SCV  
  44  6:02  Supply Depot  
  45  6:19  Siege Tank  
  45  6:25  SCV x2  
  50  6:34  Supply Depot  
  50  6:37  SCV  
  51  6:46  Siege Tank  
  54  6:49  SCV x2  
  54  6:51  Refinery  
  54  6:52  Refinery  
  56  6:55  Marine x5  
  56  6:57  Supply Depot  
  56  7:01  SCV x2  
  63  7:13  Marine x3  
  66  7:20  Supply Depot  
  66  7:21  Siege Tank x2  
  72  7:30  Factory  
  72  7:40  SCV x2  
  74  7:45  Marine x4  
  74  7:50  Engineering Bay  
  78  8:22  Factory Reactor  
  78  8:23  Armory  
  69  9:02  Terran Infantry Weapons Level 1  
  69  9:05  Missile Turret  
  69  9:06  Siege Tank x2  
  75  9:21  SCV x2  
  77  9:38  Siege Tank  
  77  9:39  Hellbat, Siege Tank  
  77  9:40  Hellbat  
  78  10:01  Hellbat x2  
  78  10:03  Marine x5  
  84  10:10  Siege Tank  
  84  10:11  Siege Tank  
  90  10:16  Missile Turret  
  90  10:18  Terran Vehicle Weapons Level 1  
  90  10:20  Marine  
  90  10:21  Marine x2, Missile Turret x2  
  93  10:34  Missile Turret  
  93  10:35  Hellbat  
  94  10:37  Hellbat  
  94  10:43  Missile Turret  
  94  10:49  Missile Turret  
  94  10:53  Missile Turret, Barracks Tech Lab  
  94  10:54  Barracks Reactor  
  94  10:56  Hi-Sec Auto Tracking  
  94  11:09  Supply Depot  
  94  11:12  Missile Turret  
  94  11:25  Sensor Tower  
  94  11:30  Marine  
  94  11:31  Hellbat x2, Siege Tank  
  94  11:32  Supply Depot, Marine x3, Siege Tank  
  108  11:48  Marine  
  108  11:49  Marine x3  
  108  11:52  Hellbat x2  
  112  11:54  Supply Depot  
  110  12:03  Hellbat  
  110  12:04  Marine x2, Hellbat  
  110  12:06  Marine  
  110  12:07  Marine x3  
  119  12:22  Marine x2  
  119  12:24  Marine, Hellbat  
  119  12:25  Marine  
  119  12:26  Hellbat  
  81  12:45  Siege Tank  
  81  12:47  Siege Tank  
  86  13:03  Marine x2  
  86  13:04  Marine x4  
  92  13:14  Terran Vehicle Weapons Level 2  
  92  13:18  Siege Tank  
  92  13:19  Siege Tank  
  98  13:21  Marine x2  
  96  13:50  Siege Tank  
  96  13:51  Siege Tank  
  102  14:22  Siege Tank  
  102  14:23  Siege Tank  
  108  14:54  Siege Tank  
  108  14:55  Siege Tank  
  114  15:26  Siege Tank  
  114  15:27  Siege Tank  
Tags
 
Add a new tag
Caveats
  • Supply blocks, unpowered buildings, or Contaminate may cause inaccurate times.
  • Supply counts are checked every 10 seconds.